 Dungeon Crawl Stone Soup version 0.30.0-10-gfe55d96785 (webtiles) character file.

Game seed: 14787502972970223604

879 FishyPogo the Stinger (level 7, -2/46 HPs)
             Began as a Demonspawn Venom Mage on May 16, 2023.
             Slain by a phantom (7 damage)
             ... on level 4 of the Dungeon.
             The game lasted 00:27:45 (4258 turns).

FishyPogo the Stinger (Demonspawn Venom Mage)       Turns: 4258, Time: 00:27:46

Health: -2/46      AC:  3    Str:  8      XL:     7   Next: 75%
Magic:  0/13       EV: 13    Int: 24      God:
Gold:   248        SH:  0    Dex: 13 (14) Spells: 8/14 levels left

rFire   . . .        e - +1 short sword (venom)
rCold   . . .        (no shield)
rNeg    . . .        a - +0 robe
rPois   .            (helmet restricted)
rElec   .            (no cloak)
rCorr   .            i - +0 pair of gloves
SInv    .            (no boots)
Will    .....        (no amulet)
Stlth   ++           m - +6 ring of intelligence
HPRegen 0.27/turn    (no ring)
MPRegen 0.13/turn

%: no passive effects
@: no status effects
A: antennae 2, foul stench 1, powered by death 1
a: no special abilities


You were on level 4 of the Dungeon.
You visited 1 branch of the dungeon, and saw 4 of its levels.

You collected 248 gold pieces.

Inventory:

Hand Weapons
 e - a +1 short sword of venom (weapon)
Missiles
 f - 40 stones
 h - 8 poisoned darts
 q - 4 boomerangs
 r - 2 throwing nets
Armour
 a - a +0 robe (worn)
 i - a +0 pair of gloves (worn)
Jewellery
 m - a +6 ring of intelligence (left hand)
Scrolls
 c - 2 scrolls of poison {unknown}
 d - a scroll of vulnerability {unknown}
 g - 3 scrolls of teleportation {unknown}
 j - 5 scrolls of identify {unknown}
 k - 2 scrolls of torment {unknown}
 n - 3 scrolls of fog {unknown}
 o - a scroll of noise {unknown}
 s - 2 scrolls of enchant armour {unknown}
Potions
 b - a potion of magic
 l - 2 potions of lignification


   Skills:
 + Level 4.1 Dodging
 - Level 2.0 Stealth
 + Level 4.4 Spellcasting
 - Level 3.0 Conjurations
 - Level 2.0 Transmutations
 - Level 2.0 Air Magic
 + Level 5.1 Poison Magic


You had 8 spell levels left.
You knew the following spells:

 Your Spells              Type           Power      Damage    Failure   Level
a - Sting                 Tmut/Pois      88%        1d7       2%          1
b - Poisonous Vapours     Pois/Air       44%        N/A       3%          2
c - Mephitic Cloud        Conj/Pois/Air  21%        N/A       7%          3

Your spell library contained the following spells:

 Spells                   Type           Power      Damage    Failure   Level
 Slow                     Hex            20%        N/A       10%         1
 Olgreb's Toxic Radiance  Pois           30%        N/A       11%         4
 Confusing Touch          Hex            5%         N/A       28%         3
 Vampiric Draining        Necr           5%         2d6       28%         3


Dungeon Overview and Level Annotations

Branches:
Dungeon (4/15)
 Temple: D:4-7

Altars:
Gozag


Innate Abilities, Weirdness & Mutations

You have a pair of antennae on your head.
You may rarely emit foul miasma when damaged in melee.
You regenerate a little health from kills.


Message History

You hit the phantom.
The phantom is heavily damaged.
The phantom closely misses you.
You closely miss the phantom.
The phantom is heavily damaged.
The phantom hits you.
The phantom blinks!
You blink.
You closely miss the phantom.
The phantom is heavily damaged.
The phantom barely misses you.
You closely miss the phantom.
The phantom is heavily damaged.
The phantom hits you.
The phantom blinks!
You blink.
You miss the phantom.
The phantom is heavily damaged.
The phantom hits you.
* * * LOW HITPOINT WARNING * * *
You miss the phantom.
The phantom is heavily damaged.
The phantom hits you.
* * * LOW HITPOINT WARNING * * *
The phantom blinks!
You blink.
Casting: Sting (safe; 2% risk of failure)
Confirm with . or Enter, or press ? or * to list all spells.
Aiming: Sting (safe; 2% risk of failure)
Press: ? - help, Shift-Dir - straight line, f/p - phantom
Aim: a phantom (heavily damaged, 67% to hit)
The sting hits the phantom.
The phantom is heavily damaged.
The phantom hits you.
* * * LOW HITPOINT WARNING * * *
The phantom blinks!
You blink.
Casting: Sting (safe; 2% risk of failure)
Confirm with . or Enter, or press ? or * to list all spells.
Aiming: Sting (safe; 2% risk of failure)
Press: ? - help, Shift-Dir - straight line, f/p - phantom
Aim: a phantom (heavily damaged, 67% to hit)
The sting hits the phantom.
The phantom partially resists.
The phantom is heavily damaged.
The phantom hits you!
You die...

#.# #.####### #.......#
#.#####.# ### #.#####.# ..#
#.##....####.##
#############.##.#####....#
####....................#.#..#
.........######W@..§....>.#..#
.........##........§......#..#
.........#..########§....)#..#
.........#.## #....#......#..#
.........†># #.#<.#......#...
####.####)#####.#######.....##.#
#.......#..†................#
#######..#.##.########.#######
#........#.##... { ...


You could see a phantom.

Vanquished Creatures
  Grinder (D:3)
  A kobold brigand (D:3)
  3 howler monkeys (D:3)
  2 hounds (D:3)
  3 orc priests (D:3)
  2 orc wizards (D:3)
  11 gnolls (D:3)
  5 adders
  A worm (D:2)
  A dart slug (D:4)
  27 orcs
  4 ball pythons
  9 bats
  6 endoplasms
  7 giant cockroaches
  6 goblins
  7 hobgoblins
  19 jackals
  3 quokkas
  4 frilled lizards
  4 kobolds
  4 rats
130 creatures vanquished.

Notes
Turn   | Place    | Note
-------+----------+-------------------------------------------
     0 | D:1      | FishyPogo the Demonspawn Venom Mage began the quest for the
                  | Orb.
     0 | D:1      | Reached XP level 1. HP: 13/13 MP: 3/3
   188 | D:1      | Reached skill level 1 in Transmutations
   292 | D:1      | Gained mutation: You may rarely emit foul miasma when
                  | damaged in melee. [demonic ancestry]
   292 | D:1      | Reached XP level 2. HP: 19/19 MP: 0/5
   375 | D:1      | Learned a level 2 spell: Poisonous Vapours
  1077 | D:2      | Gained mutation: You regenerate a little health from kills.
                  | [demonic ancestry]
  1077 | D:2      | Reached XP level 3. HP: 24/24 MP: 0/6
  1326 | D:2      | Found an opulent altar of Gozag.
  1560 | D:2      | Gained mutation: You have a pair of small antennae on your
                  | head. [demonic ancestry]
  1560 | D:2      | Reached XP level 4. HP: 28/30 MP: 0/7
  1950 | D:3      | Learned a level 3 spell: Mephitic Cloud
  1969 | D:3      | Noticed Grinder
  2088 | D:3      | Killed Grinder
  2089 | D:3      | Reached skill level 1 in Conjurations
  2089 | D:3      | Reached skill level 1 in Air Magic
  2089 | D:3      | Reached skill level 4 in Poison Magic
  2089 | D:3      | Gained mutation: You have a pair of antennae on your head.
                  | [demonic ancestry]
  2089 | D:3      | Reached XP level 5. HP: 18/35 MP: 0/9
  2089 | D:3      | Reached XP level 6. HP: 22/41 MP: 0/10
  3149 | D:3      | Reached XP level 7. HP: 46/46 MP: 3/12
  3179 | D:3      | HP: 1/46 [orc/+0 club (3)]
  3934 | D:3      | Reached skill level 5 in Poison Magic
  4258 | D:4      | Slain by a phantom

Illustrated notes

Levels and vault maps discovered:
D:1:      psy_arrival_conway, layout_loops_ring, grunt_decor_fettered,
          minmay_misc_feat_cross
D:2:      layout_loops_ring, basic_altar
D:3:      lemuel_castle_with_subvaults [lemuel_castle_interior_carwin_2],
          layout_basic, uniq_grinder
D:4:      minmay_razor_zed, layout_basic, mainiacjoe_overflow_alcove_4

Skill      XL: |  1  2  3  4  5  6  7 |
---------------+----------------------+-----
Transmutations | 1 2 |  2.0
Stealth        | 2 |  2.0
Dodging        | 2 3 4 |  4.1
Spellcasting   | 3 4 |  4.4
Conjurations   | 1 2 3 |  3.0
Air Magic      | 1 2 |  2.0
Poison Magic   | 4 5 |  5.1

Action                     |  1- 3 |  4- 6 |  7- 9 || total
---------------------------+-------+-------+-------++-------
  Melee: Unarmed           |    76 |    31 |       ||   107
         Punch             |     1 |     1 |       ||     2
         Short sword       |       |    44 |    78 ||   122
   Cast: Sting             |    49 |    46 |    56 ||   151
         Poisonous Vapours |    14 |    22 |    14 ||    50
         Mephitic Cloud    |       |     6 |     5 ||    11
    Use: Potion            |       |     3 |     3 ||     6
 Armour: Robe              |    13 |    12 |    13 ||    38
         Skin              |       |     5 |       ||     5
  Dodge: Dodged            |    55 |    39 |    58 ||   152
